 Dungeon Crawl Stone Soup version 0.23.0-42-geed6394 (webtiles) character file.

Game seed: 0

2091 ToeFoeGreatPlayer the Skirmisher (level 9, -2/69 HPs)
             Began as a Mummy Gladiator on Feb 28, 2019.
             Was an Initiate of Gozag.
             Killed from afar by a gargoyle (12 damage)
             ... with a stone arrow
             ... on level 7 of the Dungeon on Mar 1, 2019.
             The game lasted 00:48:52 (7220 turns).

ToeFoeGreatPlayer the Skirmisher (Mummy Gladiator)  Turns: 7220, Time: 00:48:53

Health: -2/69      AC: 14    Str: 20    XL:     9   Next: 6%
Magic:  3/3        EV: 10    Int:  7    God:    Gozag
Gold:   443        SH:  0    Dex: 14    Spells: 8/8 levels left

rFire    x . .     SeeInvis .   x - +2 quarterstaff (antimagic)
rCold    + . .     Gourm    .   (shield currently unavailable)
rNeg     + + +     Faith    .   g - +0 chain mail
rPois    ∞         Spirit   .   c - +0 helmet
rElec    .         Reflect  .   (no cloak)
rCorr    .         Harm     .   k - +2 pair of gloves
MR       +....                  (no boots)
Stlth    ..........             i - amulet of the acrobat
HPRegen  0.21/turn              (no ring)
MPRegen  0.08/turn              (no ring)

@: no status effects
A: no food or potions, fire vulnerability, cold resistance 1, negative energy
resistance 3, torment resistance, unbreathing
a: Potion Petition, Call Merchant, Bribe Branch, Renounce Religion


You were on level 7 of the Dungeon.
You worshipped Gozag.
Gozag was aware of your devotion.
You were not hungry.

You visited 2 branches of the dungeon, and saw 8 of its levels.

You collected 732 gold pieces.
You paid 289 gold pieces to Gozag.

Inventory:

Hand Weapons
 a - a +0 spear of chaos
 b - a +0 hunting sling
 d - a +0 falchion
 m - a +2 dagger of chaos
 n - a +0 quarterstaff
 q - a +4 whip
 t - a +1 hand axe of electrocution
 x - a +2 antimagic quarterstaff (weapon)
Missiles
 e - 333 stones (quivered)
 f - 5 tomahawks
 h - 58 sling bullets
 j - 7 curare-tipped needles
Armour
 c - a +0 helmet (worn)
 g - a +0 chain mail (worn)
 k - a +2 pair of gloves (worn)
 l - a +0 leather armour
Jewellery
 i - an amulet of the acrobat (around neck)
Wands
 y - a wand of digging (8)
 z - a wand of paralysis (12)
 A - a wand of disintegration (6)
 B - a wand of iceblast (9)
Scrolls
 o - a scroll of remove curse
 p - 2 scrolls of magic mapping
 r - 5 scrolls of identify
 s - 4 scrolls of enchant armour
 u - a scroll of immolation {unknown}
 v - a scroll of amnesia {unknown}
 w - 2 scrolls of fog


   Skills:
 + Level 6.2 Fighting
 + Level 5.5 Staves
 - Level 1.5 Throwing
 + Level 4.8 Armour
 + Level 5.5 Dodging


You had 8 spell levels left.
You didn't know any spells.
Your spell library contained the following spells:

 Spells                   Type           Power        Failure   Level  Hunger
 Corona                   Hex            #......      99%         1    N/A
 Slow                     Hex            #.......     100%        2    N/A
 Inner Flame              Hex/Fire       #.......     100%        3    N/A
 Portal Projectile        Hex/Tloc       #.....       100%        3    N/A
 Cause Fear               Hex            #.........   100%        4    N/A
 Leda's Liquefaction      Hex/Erth       #.........   100%        4    N/A

Dungeon Overview and Level Annotations

Branches:
Dungeon (7/15)             Temple (1/1) D:5

Altars:
Ashenzari
Cheibriados
Elyvilon
Fedhas
Gozag
Kikubaaqudgha
Makhleb
Nemelex Xobeh
Okawaru
Ru
Sif Muna
Trog
Uskayaw
Vehumet
Wu Jian
Xom
Zin
The Shining One

Annotations:
D:1 exclusion: downstairs


Innate Abilities, Weirdness & Mutations

You do not eat or drink.
Your flesh is vulnerable to fire.
You are immune to poison.
Your flesh is cold resistant. (rC+)
You are immune to negative energy. (rN+++)
You are immune to unholy pain and torment.
You can survive without breathing.


Message History

[a] - 192 gold - heal wounds and curing [b] - 357 gold - haste, agility and flight [c] - 200 gold - heal wounds and curing Purchase which effect?
You feel much better.
You feel better.
You hit the gargoyle but do no damage. The gargoyle closely misses you.
Your chain mail prevents you from hitting the gargoyle.
The gargoyle hurls a stone arrow at you.
The stone arrow hits you!
* * * LOW HITPOINT WARNING * * *
You hit the gargoyle but do no damage.
The gargoyle hurls a stone arrow at you.
The stone arrow hits you!!
* * * LOW HITPOINT WARNING * * *
You hit the gargoyle but do no damage. The gargoyle misses you.
You thump the gargoyle!
The gargoyle hurls a stone arrow at you.
The stone arrow hits you!
You die...
Your body crumbles into a pile of gold.

.....##...##........
$ .#.#
#8...8###.#.... .
##...##8#......
#+.....'###.....
#.......#8#.. ..
+.......'#
#....8....#
#+.......9#
#......@#%#
#+.....+# # ##+.+##
## $


You could see a gargoyle.

Vanquished Creatures
  Sigmund (D:2)
  2 ice beasts
  2 sky beasts
  A centaur (D:6)
  2 ogres
  2 bullfrogs (D:6)
  2 scorpions
  3 crimson imps
  A howler monkey (D:6)
  A bullfrog zombie (D:6)
  2 jellies (D:6)
  3 hounds
  3 orc priests
  4 orc wizards
  Jessica (D:2)
  5 worker ants
  Robin (D:2)
  14 gnolls
  12 adders
  2 river rats (D:4)
  A shadow imp (D:5)
  An ooze (D:3)
  An adder skeleton (D:4)
  5 worms
  A dart slug (D:3)
  A leopard gecko (D:5)
  23 orcs
  9 bats
  5 giant cockroaches
  16 goblins
  7 hobgoblins
  4 jackals (D:6)
  2 quokkas (D:2)
  3 ball pythons
  5 frilled lizards
  A jackal skeleton (D:6)
  4 kobolds
  A leopard gecko skeleton (D:4)
  A quokka zombie (D:6)
  3 rats
  A plant (D:3)
159 creatures vanquished.

Vanquished Creatures (others)
  An orc wizard (D:4)
1 creature vanquished.

Grand Total: 160 creatures vanquished

Notes
Turn   | Place    | Note
-------+----------+-------------------------------------------
     0 | D:1      | ToeFoeGreatPlayer the Mummy Gladiator began the quest for
                  | the Orb.
     0 | D:1      | Reached XP level 1. HP: 16/16 MP: 1/1
   423 | D:1      | Reached XP level 2. HP: 22/22 MP: 2/2
   651 | D:2      | Noticed Jessica
   672 | D:2      | Killed Jessica
   672 | D:2      | Reached skill level 1 in Armour
   672 | D:2      | Reached XP level 3. HP: 17/28 MP: 3/3
   940 | D:2      | Found a blossoming altar of Fedhas.
  1141 | D:2      | Noticed Robin
  1155 | D:2      | Reached XP level 4. HP: 34/34 MP: 4/4
  1186 | D:2      | Reached skill level 3 in Dodging
  1212 | D:2      | Killed Robin
  1353 | D:2      | Noticed Sigmund
  1581 | D:2      | Reached skill level 3 in Staves
  1740 | D:2      | HP: 14/34 [adder (4)]
  1941 | D:2      | Reached skill level 3 in Fighting
  1998 | D:2      | You fall through a shaft for 2 floors!
  2058 | D:4      | Reached XP level 5. HP: 34/41 MP: 5/5
  2081 | D:4      | Found a glowing drain.
  2468 | D:3      | Reached skill level 2 in Armour
  2679 | D:4      | Noticed an ice beast
  2691 | D:3      | Reached XP level 6. HP: 41/47 MP: 6/6
  2823 | D:3      | Noticed an ice beast
  2843 | D:3      | Killed an ice beast
  3112 | D:3      | Found a shimmering altar of Xom.
  3387 | D:4      | Reached skill level 4 in Fighting
  3420 | D:4      | Killed an ice beast
  3420 | D:4      | Reached XP level 7. HP: 45/54 MP: 7/7
  3493 | D:4      | Reached skill level 4 in Dodging
  3497 | D:4      | Reached skill level 4 in Staves
  3542 | D:4      | Reached skill level 3 in Armour
  4210 | D:5      | Entered Level 5 of the Dungeon
  4338 | D:5      | Found a staircase to the Ecumenical Temple.
  4347 | Temple   | Entered the Ecumenical Temple
  4442 | Temple   | Became a worshipper of Gozag Ym Sagoz the Greedy
  4541 | D:5      | Reached XP level 8. HP: 48/61 MP: 8/8
  4544 | D:5      | Reached skill level 5 in Fighting
  5092 | D:6      | HP: 31/62 [ogre/+0 giant club (19)]
  5093 | D:6      | Reached skill level 4 in Armour
  5273 | D:6      | Reached skill level 5 in Staves
  5358 | D:6      | HP: 29/63 [acid (3)]
  5359 | D:6      | HP: 10/63 [acid (8)]
  5364 | D:6      | HP: 20/63 [acid (2)]
  5366 | D:6      | Reached skill level 5 in Dodging
  6020 | D:6      | Identified a book of Debilitation
  6196 | D:6      | Reached skill level 6 in Fighting
  7027 | D:2      | Killed Sigmund
  7027 | D:2      | Reached XP level 9. HP: 61/69 MP: 3/9
  7185 | D:7      | Noticed a gargoyle
  7208 | D:7      | HP: 26/69 [gargoyle/stone arrow (12)]
  7214 | D:7      | HP: 9/69 [gargoyle/+0 mace (9)]
  7220 | D:7      | Killed from afar by a gargoyle

Skill      XL: |  1  2  3  4  5  6  7  8 |
---------------+-------------------------+-----
Armour         | 1 2 3 4 |  4.8
Dodging        | 3 4 5 |  5.5
Staves         | 3 4 5 |  5.5
Fighting       | 3 4 6 |  6.2
Throwing       | |  1.5

Action                   |  1- 3 |  4- 6 |  7- 9 || total
-------------------------+-------+-------+-------++-------
Melee: Quarterstaff      |    73 |   259 |   128 ||   460
       Whip              |       |    39 |       ||    39
       Spear             |       |    26 |   147 ||   173
       Hand axe          |       |       |   125 ||   125
       Dagger            |       |       |     2 ||     2
 Fire: Hunting sling     |    16 |    28 |    10 ||    54
Throw: Throwing net      |     1 |     2 |     1 ||     4
Invok: Potion Petition   |       |       |     2 ||     2
  Use: Scroll            |       |     5 |     2 ||     7
 Stab: Held in net/web   |       |     1 |     1 ||     2
       Petrified         |       |     9 |     1 ||    10
       Confused          |       |       |     2 ||     2
       Distracted        |       |       |     1 ||     1
       Paralysed         |       |       |     1 ||     1
Armor: Leather armour    |    10 |       |       ||    10
       Chain mail        |    26 |   148 |   206 ||   380
Dodge: Dodged            |    30 |   122 |   182 ||   334
